 Dungeon Crawl Stone Soup version 0.31-a0-543-geaa9c7a2c0 (webtiles) character file.

Game seed: 5009962059084519349

5462 Ethylacetat the Mimic (level 10, -14/71 HPs)
             Began as an Octopode Gladiator on Aug 15, 2023.
             Was an Initiate of Gozag.
             Killed from afar by an acid dragon (32 damage)
             ... with a splash of acid
             ... on level 9 of the Dungeon.
             The game lasted 00:24:44 (8320 turns).

Ethylacetat the Mimic (Octopode Gladiator)          Turns: 8320, Time: 00:24:45

Health: -14/71     AC:  5    Str: 14    XL:     10   Next: 68%
Magic:  10/10      EV: 19    Int: 11    God:    Gozag
Gold:   157        SH:  0    Dex: 23    Spells: 9/9 levels left

rFire   + . .        o - +3 dagger (venom)
rCold   . . .        (no shield)
rNeg    . . .        a - +0 hat
rPois   .            (no amulet)
rElec   .            j - ring of protection from fire
rCorr   .            v - +6 ring of dexterity
SInv    .            w - +4 ring of protection
Will    .....        (no ring)
Stlth   +++          (no ring)
HPRegen 0.31/turn    (no ring)
MPRegen 0.12/turn    (no ring)
                     (no ring)

%: no passive effects
@: gold aura
A: almost no armour, amphibious, 8 rings, camouflage 1, gelatinous body 1,
(nimble swimmer 1), tentacles
a: Renounce Religion, Potion Petition, Call Merchant, Bribe Branch


You were on level 9 of the Dungeon.
You worshipped Gozag.
Gozag was aware of your devotion.
You visited 1 branch of the dungeon, and saw 9 of its levels.

You collected 1220 gold pieces.
You spent 326 gold pieces at shops.
You paid 737 gold pieces to Gozag.

Inventory:

Hand Weapons
 o - a +3 dagger of venom (weapon)
Missiles
 b - 5 throwing nets
 c - a javelin
 E - a curare-tipped dart (quivered)
Armour
 a - a +0 hat (worn)
Jewellery
 j - a ring of protection from fire (left tentacle)
 v - a +6 ring of dexterity (right tentacle)
 w - a +4 ring of protection (on tentacle)
Talismans
 k - a storm talisman
Wands
 s - a wand of iceblast (15)
 x - a wand of flame (7)
 y - a wand of polymorph (5)
 B - a wand of paralysis (7)
Scrolls
 g - 2 scrolls of blinking {unknown}
 h - a scroll of teleportation
 l - 5 scrolls of identify {unknown}
 m - 2 scrolls of noise {unknown}
 p - 2 scrolls of poison {unknown}
 t - a scroll of enchant armour {unknown}
 u - 2 scrolls of fog {unknown}
Potions
 d - 2 potions of berserk rage {unknown}
 e - 5 potions of curing
 f - a potion of lignification {unknown}
 i - a potion of haste {unknown}
 n - a potion of cancellation {unknown}
 q - 2 potions of attraction
 r - 4 potions of might {unknown}
 z - a potion of heal wounds {unknown}
 A - a potion of brilliance {unknown}
 D - a potion of mutation {unknown}
 F - a potion of invisibility


   Skills:
 + Level 7.3 Fighting
 - Level 2.0 Throwing
 + Level 7.7 Dodging
 + Level 7.7 Unarmed Combat
 * Level 8.1 Shapeshifting


You had 9 spell levels left.
You didn't know any spells.
Your spell library contained the following spells:

 Spells                   Type           Power      Damage    Failure   Level
 Apportation              Tloc           0%         N/A       34%         1
 Cigotuvi's Dreadful Rot  Necr/Pois/Air  0%         N/A       47%         2
 Ensorcelled Hibernation  Hex/Ice        0%         N/A       47%         2
 Passwall                 Tmut/Erth      0%         N/A       47%         2
 Poisonous Vapours        Pois/Air       0%         N/A       47%         2
 Scorch                   Fire           0%         2d5       47%         2
 Mephitic Cloud           Conj/Pois/Air  0%         N/A       71%         3
 Summon Guardian Golem    Hex/Summ       0%         N/A       71%         3
 Swiftness                Air            0%         N/A       71%         3
 Dispel Undead            Necr           0%         3d6       98%         4
 Flame Wave               Conj/Fire      0%         2d4       98%         4
 Alistair's Intoxication  Tmut/Pois      0%         N/A       100%        5
 Freezing Cloud           Conj/Ice/Air   0%         6-21      100%        5
 Death Channel            Necr           0%         N/A       100%        6
 Summon Cactus Giant      Summ           0%         N/A       100%        6
 Orb of Destruction       Conj           0%         9d5       100%        7
 Spellforged Servitor     Conj/Summ      0%         N/A       100%        7


Dungeon Overview and Level Annotations

Branches:
Dungeon (9/15)             Temple (0/1) D:7            Lair (0/5) D:9
    Orc: D:9-12

Altars:
Cheibriados
Elyvilon
Gozag
Hepliaklqana
Kikubaaqudgha
Nemelex Xobeh
Okawaru
Sif Muna
Trog
Zin

Shops:
D:1 **=!   D:3 ([   D:8 *

Portals:
Bailey: D:9


Innate Abilities, Weirdness & Mutations

You cannot wear most types of armour.
You are amphibious.
You can wear up to eight rings at the same time.
Your skin changes colour to match your surroundings (Stealth+).
Your rubbery body absorbs attacks. (AC +1, EV +1)
((You are camouflaged when in or above water. (Stealth+)))
You have tentacles for arms and can constrict up to eight enemies at once.


Message History

You tentacle-slap the yak, but do no damage.
Your squeeze misses the yak.
The yak is heavily wounded.
A yak comes into view.
The yak closely misses you.
You hit the yak.
The yak looks as sick as possible!
The yak is heavily wounded.
A yak comes into view.
The yak bellows!
You hit the yak.
The yak looks as sick as possible!
The yak is severely wounded.
The yak is no longer moving slowly.
The yak gores you!
You hit the yak.
The yak looks as sick as possible!
You squeeze the yak.
The yak is almost dead.
You kill the yak!
The water moccasin misses you.
A yak comes into view.
The water moccasin misses you.
Okay, then.
As you read the scroll of teleportation, it crumbles to dust.
You feel strangely unstable.
The yak bellows!
A yak comes into view.
The water moccasin closely misses you.
The water moccasin attacks as you move away!
The water moccasin bites you!
* * * LOW HITPOINT WARNING * * *
You hit the water moccasin. Your grab misses the water moccasin.
You squeeze the water moccasin!
The water moccasin is heavily wounded.
The water moccasin misses you. The water moccasin barely misses you.
Your surroundings suddenly seem different.
An acid dragon, a kobold brigand and 5 kobolds come into view.
The kobold brigand is wielding a +0 whip and quivering poisoned darts.
A kobold is wielding a +0 dagger and quivering poisoned darts.
Found a metallic golden potion.
The kobold shouts!
The kobold brigand shouts!
The kobold shouts! x3
The acid dragon spits acid at you. The splash of acid hits you!!
You die...
Your body crumbles into a pile of gold.

*******,+,**,,,,,,,,,,,,,,,,,*
,*,,,,,,***#...........,,,,,,*
,,,******###..........,.,,,,,*
,,*******...^........,..,,,,,*
,****,,,,.........≈.,..!,,,,,*
****,,,,,........≈≈§....,,,,,*
***,,,,,,.......D≈§≈≈...,,,,,*
**,~,,,,,........≈≈≈§...,,,,,*
,,~~~,,,,......8@.§.....,,,,,***
,~~~~~,,,...........K...,,,,,,,*
,,~~~,,,,........K..K.K.,,,,,,**
,,,~,,,,,..........KK...,,,,,**
,,,,,,,,<...............,,,,**
*********###############*****


You could see an acid dragon (catching breath), a kobold brigand and 5 kobolds.

Vanquished Creatures
  A two-headed ogre (D:7)
  Pikel (D:6)
  Joseph (D:7)
  Maggie (D:7)
  Grinder (D:5)
  Prince Ribbit (D:5)
  A yak (D:9)
  3 water moccasins
  Duvessa (D:6)
  An orc warrior (D:9)
  A sky beast (D:6)
  2 ice beasts
  An ogre (D:7)
  2 lemures (D:6)
  A phantom (D:4)
  2 centaurs
  2 kobold brigands
  2 bullfrogs
  A gnoll sergeant (D:5)
  4 scorpions
  7 wights
  Dowan (D:6)
  5 howler monkeys
  A jelly (D:8)
  3 gnoll boudas
  4 hounds
  3 orc priests
  Crazy Yiuf (D:6)
  A sleepcap (D:6)
  5 iguanas
  4 orc wizards
  16 gnolls
  8 adders
  A white imp (D:7)
  2 worms
  5 dart slugs
  34 orcs
  8 endoplasms
  5 giant cockroaches
  4 goblins
  6 hobgoblins
  8 jackals
  20 kobolds
  6 quokkas
  4 ball pythons
  4 bats
  4 frilled lizards
  5 rats
205 creatures vanquished.

Vanquished Creatures (others)
  An orc wizard (D:7)
1 creature vanquished.

Grand Total: 206 creatures vanquished

Notes
Turn   | Place    | Note
-------+----------+-------------------------------------------
     0 | D:1      | Ethylacetat the Octopode Gladiator began the quest for the
                  | Orb.
     0 | D:1      | Reached XP level 1. HP: 14/14 MP: 1/1
    40 | D:1      | Found Soumuebb's Distillery.
    58 | D:1      | Found Cakimol's General Store.
   100 | D:1      | Reached XP level 2. HP: 16/19 MP: 2/2
   296 | D:1      | Found Zoas's General Store.
   299 | D:1      | Bought a scroll of teleportation for 30 gold pieces
   340 | D:1      | Found Qiholioll's Jewellery Shoppe.
   393 | D:1      | Reached XP level 3. HP: 25/25 MP: 3/3
   916 | D:2      | Reached XP level 4. HP: 20/30 MP: 4/4
  1021 | D:2      | Reached skill level 1 in Shapeshifting
  1916 | D:3      | Found a sparkling altar of Nemelex Xobeh.
  1934 | D:3      | Found Asoem's Weapon Shoppe.
  2080 | D:3      | Found Kouved's Antique Armour Shop.
  2136 | D:3      | Reached XP level 5. HP: 36/36 MP: 5/5
  2553 | D:4      | Found a shimmering blue altar of Sif Muna.
  2581 | D:4      | Reached skill level 2 in Shapeshifting
  2759 | D:4      | Found an ancient bone altar of Kikubaaqudgha.
  3118 | D:4      | Found a hazy altar of Hepliaklqana.
  3450 | D:4      | Found a bloodstained altar of Trog.
  3698 | D:5      | Entered Level 5 of the Dungeon
  3698 | D:5      | Noticed a centaur
  3701 | D:4      | Noticed a phantom
  3704 | D:4      | Killed a centaur
  3705 | D:4      | Reached XP level 6. HP: 30/42 MP: 6/6
  3890 | D:5      | Reached skill level 3 in Shapeshifting
  3893 | D:5      | Reached XP level 7. HP: 39/47 MP: 7/7
  3983 | D:5      | Found an opulent altar of Gozag.
  3989 | D:5      | Became a worshipper of Gozag Ym Sagoz the Greedy
  3992 | D:5      | Found a glowing silver altar of Zin.
  4151 | D:5      | Found an iron altar of Okawaru.
  4151 | D:5      | Found a runed translucent door.
  4152 | D:5      | Noticed Prince Ribbit
  4158 | D:5      | Killed Prince Ribbit
  4162 | D:5      | Found the +0 toga "Victory" {*Victory Clar}
  4318 | D:5      | Reached skill level 4 in Shapeshifting
  4522 | D:5      | Noticed Grinder
  4527 | D:5      | Paralysed by Grinder for 5 turns
  4541 | D:5      | Killed Grinder
  4542 | D:5      | Reached skill level 5 in Dodging
  4542 | D:5      | Reached skill level 5 in Unarmed Combat
  4542 | D:5      | Reached XP level 8. HP: 30/54 MP: 8/8
  4830 | D:6      | Reached skill level 5 in Fighting
  4949 | D:6      | Found a white marble altar of Elyvilon.
  4953 | D:6      | Noticed Duvessa
  4956 | D:6      | Reached skill level 5 in Shapeshifting
  4957 | D:6      | Killed Duvessa
  4957 | D:6      | Noticed Dowan
  4980 | D:6      | Killed Dowan
  5085 | D:6      | Reached XP level 9. HP: 61/61 MP: 9/9
  5404 | D:6      | Noticed Pikel
  5407 | D:6      | Paralysed by Pikel for 2 turns
  5410 | D:6      | Killed Pikel
  5411 | D:6      | Reached skill level 6 in Shapeshifting
  5680 | D:6      | Found a runed translucent door.
  5681 | D:6      | Noticed Crazy Yiuf
  5926 | D:6      | Killed Crazy Yiuf
  6055 | D:7      | Noticed Maggie
  6060 | D:7      | Killed Maggie
  6165 | D:7      | Reached skill level 7 in Shapeshifting
  6165 | D:7      | Reached XP level 10. HP: 40/69 MP: 10/10
  6310 | D:7      | Noticed a two-headed ogre
  6311 | D:7      | Noticed Joseph
  6331 | D:7      | Killed a two-headed ogre
  6497 | D:7      | Killed Joseph
  6733 | D:7      | Found a staircase to the Ecumenical Temple.
  7181 | D:7      | Found a snail-covered altar of Cheibriados.
  7577 | D:8      | Bought 2 curare-tipped darts for 36 gold pieces
  7719 | D:1      | Bought a potion of attraction for 33 gold pieces
  7719 | D:1      | Bought a potion of invisibility for 88 gold pieces
  7719 | D:1      | Bought a scroll of vulnerability for 44 gold pieces
  7719 | D:1      | Bought a scroll of revelation for 82 gold pieces
  7725 | D:1      | Bought a potion of degeneration for 13 gold pieces
  8267 | D:9      | Found a flagged portal.
  8272 | D:9      | Reached skill level 8 in Shapeshifting
  8320 | D:9      | Killed from afar by an acid dragon

Illustrated notes

Levels and vault maps discovered:
D:1:      dpeg_arrival_orchard, layout_rooms, serial_shops, shop, shop,
          nicolae_shop_window_shopping, nicolae_shop_rolling_square
D:2:      layout_basic, nicolae_elevator_lobby_plus
D:3:      kb_forest_paths, layout_basic, nemelex_spade_bored_becter,
          serial_shops, nicolae_shop_bloodbath_and_beyond,
          nicolae_shop_tiny_waterfront, nicolae_shop_rolling_square,
          minmay_misc_feat_plants
D:4:      layout_layer_cave, amcnicky_altar_gilded,
          mainiacjoe_overflow_boulevard, old_standard_altar,
          nicolae_overflow_crystal_walls
D:5:      layout_basic, pdpol_temple_overflow_zin_treasury_gozag_greed,
          nicolae_overflow_guarded_unrand_okawaru_victory, serial_glass,
          glass_columns_c, glass_columns_a, glass_columns_b, uniq_grinder,
          uniq_prince_ribbit1
D:6:      layout_rooms, elyvilon_altar_5, roderic_lattice_a,
          uniq_crazy_yiuf_cottage, uniq_pikel, uniq_duvessa
D:7:      layout_cave_pools, kennysheep_little_box, minmay_temple_entry_arrows,
          serial_co_window_serial, co_window_paths_b, co_window_paths_a,
          co_window_corner_a, co_window_corner_a, co_window_paths_b,
          co_window_2corner, co_window_cross_2, co_window_broadway_a,
          co_window_2corner, co_window_paths_c, glass_columns_b,
          glass_columns_b, glass_columns_a, glass_columns_a, st_stairs_2,
          uniq_maggie, uniq_joseph
D:8:      layout_basic
D:9:      layout_big_octagon, nicolae_tso_swordbearing_angel, fedhas_altar_4,
          minmay_lair_entry_grove, enter_bailey_8, serial_column_ruins,
          column_ruins_circle_medium, column_ruins_columns_straight,
          column_ruins_open_tiny, column_ruins_open_small, column_ruins_grid_1,
          column_ruins_columns_water, column_ruins_grid_3, hangedman_glass_teeth

Skill      XL: |  1  2  3  4  5  6  7  8  9 10 |
---------------+-------------------------------+-----
Shapeshifting  | 1 2 3 4 5 7 8 |  8.1
Fighting       | 3 4 5 6 7 |  7.3
Unarmed Combat | 4 5 6 7 |  7.7
Dodging        | 4 5 6 7 |  7.7
Throwing       | |  2.0

Action                     |  1- 3 |  4- 6 |  7- 9 | 10-12 || total
---------------------------+-------+-------+-------+-------++-------
  Melee: Unarmed           |    82 |    19 |       |       ||   101
         Constrict         |    17 |    27 |    50 |    27 ||   121
         Tentacles         |    12 |    27 |    48 |    38 ||   125
         Punch             |     2 |     5 |    16 |     6 ||    29
         Dagger            |       |    81 |   167 |    97 ||   345
  Throw: Throwing net      |       |       |     2 |       ||     2
         Dart              |       |       |       |     1 ||     1
         Javelin           |       |       |       |     1 ||     1
 Invoke: Call Merchant     |       |       |       |     1 ||     1
  Evoke: Wand              |       |       |    34 |    12 ||    46
    Use: Potion            |       |     1 |       |     1 ||     2
         Scroll            |       |       |       |     2 ||     2
   Stab: Sleeping          |     7 |     8 |     3 |     1 ||    19
         Distracted        |       |       |     1 |     1 ||     2
         Paralysed         |       |       |       |     2 ||     2
 Armour: Skin              |     5 |     2 |    18 |     6 ||    31
  Dodge: Dodged            |    65 |    59 |   111 |    67 ||   302

Table legend: (Time is in decaauts)
 A = Elapsed time spent in this place.
 B = Non-inter-level travel time spent in this place.
 C = Inter-level travel time spent in this place.
 D = Time resting spent in this place.
 E = Time spent auto-exploring this place.
 F = Levels seen in this place.
 G = Mean time per level.
                   A        B        C        D        E       F      G
               +--------+--------+--------+--------+--------+-----+--------+
         Total |   8320 |   7653 |    667 |    488 |   5908 |   9 |  924.4 |
       Dungeon |   8320 |   7653 |    667 |    488 |   5908 |   9 |  924.4 |
               +--------+--------+--------+--------+--------+-----+--------+

Top non-repeatable levels by time:
     D:2: 1388 daAuts
     D:4: 1263 daAuts
     D:6: 1225 daAuts
     D:7: 1176 daAuts
     D:5: 1147 daAuts
     D:8: 714 daAuts
     D:3: 692 daAuts
     D:1: 654 daAuts
     D:9: 57 daAuts
